[Event "Titled Tuesday Blitz May 4 2021"]
[White "Srisshhhtea"]
[Black "Poormosavi, Seyed Kian"]
[BlackFideId "12585807"]
[WhiteElo "2387"]
[BlackElo "2134"]
[Result "0-1"]
[Round "07"]
[TimeControl "180+1"]
[Date "2021.05.04"]
[WhiteClock "0:00:15"]
[BlackClock "0:01:20"]

1. d4 Nf6 2. c4 b6 3. Nc3 Bb7 4. d5 e5 5. e4 Bb4 6. Bd3 O-O 7. Ne2 Na6 8. O-O Nc5 9. Bc2 a5 10. f3 Na6 11. Be3 Bc5 12. Qd2 Bxe3+ 13. Qxe3 d6 14. a3 Qe7 15. Ng3 g6 16. Rae1 Nd7 17. Nb5 c6 18. dxc6 Bxc6 19. Nc3 Nac5 20. f4 exf4 21. Qxf4 Ne5 22. Nd5 Bxd5 23. exd5 f5 24. Qd4 Qg7 25. Kh1 Rfe8 26. b4 axb4 27. axb4 Ncd7 28. Qf4 Ra2 29. Re2 Rc8 30. Bxf5 Rxe2 31. Be6+ Kh8 32. Nxe2 Rxc4 33. Qf2 Rxb4 34. Nd4 Nd3 35. Qf7 Qxf7 36. Bxf7 Rxd4 37. Be6 N7e5 38. g4 Nf4 39. g5 Kg7 40. Rc1 Rc4 41. Ra1 Rc7 42. Ra6 Nxe6 43. dxe6 Nc4 44. Ra4 d5 45. Rb4 Re7 46. Rb5 Rxe6 47. Rxd5 Re7 48. Rd4 Ne3 49. Rb4 Rb7 50. Rb5 Nf5 51. h4 Nd4 52. Rb4 Nf3 53. Kg2 Ne5 54. Rb5 Nc4 55. Kg3 Kf7 56. Kf4 Nd6 57. Rb4 b5 58. Ke5 Ke7 59. Kd5 Kd7 60. Kc5 Rc7+ 61. Kd5 Rc4 62. Rxb5 Nxb5 63. Kxc4 Nd6+ 64. Kd5 Nf5 65. h5 gxh5 66. Ke5 h4 67. Kf4 Ke7 68. Kg4 Kf7 69. Kh3 Kg7 70. Kg2 Kg6 71. Kh2 Kxg5 72. Kg1 Kg4 73. Kg2 h3+ 74. Kh2 Kh4 75. Kg1 Ne3 76. Kh1 Kg3 77. Kg1 Ng4 78. Kh1 Nf2+ 79. Kg1 h2+ 80. Kf1 h1=Q+ 81. Ke2 Qe4+ 82. Kf1 h5 83. Kg1 Qe1# 0-1


[Site "https://www.chess.com"]

[Event "Titled Tuesday Blitz May 4 2021"]
[White "Stepak, Yedael"]
[Black "Abdalla, Luiz Guilherme Aurelli"]
[WhiteFideId "2800454"]
[BlackFideId "2111080"]
[WhiteElo "2146"]
[BlackElo "2152"]
[Result "1-0"]
[Round "07"]
[TimeControl "180+1"]
[Date "2021.05.04"]
[WhiteClock "0:00:05"]
[BlackClock "0:00:14"]

1. d4 d5 2. Nf3 c6 3. e3 Bf5 4. c4 e6 5. Nc3 h6 6. Qb3 Qb6 7. c5 Qxb3 8. axb3 Nd7 9. b4 Ngf6 10. b5 Be7 11. bxc6 bxc6 12. b4 O-O 13. b5 cxb5 14. Bxb5 Rfc8 15. Ba6 Re8 16. c6 Nb6 17. Bb7 Bb4 18. Bd2 Bd3 19. Ne5 Bc4 20. Bxa8 Rxa8 21. Nb1 Bd6 22. Na3 Ba6 23. Nc2 Bb5 24. Ba5 Rc8 25. Nb4 Nc4 26. Nxc4 Bxc4 27. Rc1 Bxb4+ 28. Bxb4 Rxc6 29. f3 Rb6 30. Bc3 Rb3 31. Kf2 a6 32. Rhd1 Nd7 33. Rd2 Nb6 34. Rb2 Rxb2+ 35. Bxb2 a5 36. Ba3 a4 37. Rb1 Bb3 38. Ke2 Nc4 39. Bb4 Bc2 40. Rc1 Bb3 41. Kd3 g6 42. e4 Kg7 43. exd5 exd5 44. Ra1 f6 45. Kc3 g5 46. Bc5 Kg6 47. g4 h5 48. h3 hxg4 49. hxg4 f5 50. Rh1 fxg4 51. fxg4 Ne3 52. Rg1 Nc4 53. Re1 Kf6 54. Be7+ Kg6 55. Bd8 Kf7 56. Re7+ Kf8 57. Ra7 Nd6 58. Ra8 Ne4+ 59. Kb4 Kf7 60. Bb6 Ke6 61. Bc5 Nf2 62. Re8+ Kf7 63. Rf8+ Kg7 64. Rxf2 Kg6 65. Rf5 Kh6 66. Be7 Kg6 67. Bxg5 Bc2 68. Rxd5 Be4 69. Re5 Bc2 70. Bf4 Bb3 71. d5 Kf7 72. d6 Kf6 73. d7 Kf7 74. d8=Q Be6 75. Rxe6 Kxe6 76. Kxa4 Kf7 77. Qd6 Kg7 78. Qe5+ Kf7 79. Bg5 Kg6 80. Qf6+ Kh7 81. Qf7+ Kh8 82. Bf6# 1-0


[Site "https://www.chess.com"]

[Event "Titled Tuesday Blitz May 4 2021"]
[White "Suarez Uriel, Adrian"]
[Black "Kopjonkin, Kirill"]
[WhiteFideId "22230874"]
[BlackFideId "24140090"]
[WhiteElo "2299"]
[BlackElo "2224"]
[Result "0-1"]
[Round "07"]
[TimeControl "180+1"]
[Date "2021.05.04"]
[WhiteClock "0:00:07"]
[BlackClock "0:00:10"]

1. Nf3 Nf6 2. b3 g6 3. Bb2 Bg7 4. g3 O-O 5. Bg2 d6 6. d4 Nbd7 7. O-O Re8 8. a4 a5 9. Re1 e5 10. dxe5 Ng4 11. Qc1 dxe5 12. e4 Nc5 13. Nbd2 b6 14. h3 Nh6 15. Nc4 f6 16. Ba3 Qe7 17. Ne3 c6 18. Rd1 Nf7 19. Ne1 Ba6 20. Nd3 Nxd3 21. cxd3 Qb7 22. Nc4 Rad8 23. Qe3 c5 24. Qe2 Bxc4 25. bxc4 Qc6 26. Qc2 Ng5 27. Rab1 Ne6 28. Qb3 Rd6 29. Bb2 Red8 30. Bf1 h5 31. h4 Bh6 32. Bc3 Kf7 33. Qc2 Ke7 34. Rb3 Qxa4 35. Rdb1 Rb8 36. Qb2 Nd4 37. Ra3 Qe8 38. Bxa5 Bc1 39. Qxc1 bxa5 40. Rxa5 Nb3 41. Ra7+ Rd7 42. Rxd7+ Qxd7 43. Qh6 Qe8 44. Be2 Rb4 45. Bd1 Nd4 46. Ra1 Rb7 47. f4 Qf8 48. Qxg6 exf4 49. gxf4 Kd6 50. e5+ Kc7 51. exf6 Rb6 52. Ra7+ Kb8 53. Rf7 Qc8 54. Qg7 Ne6 55. Qh7 Rb1 56. Rg7 Rxd1+ 57. Kf2 Rxd3 58. Rg8 Rd8 59. f7 Nf8 60. Qe4 Qb7 61. Qe5+ Qc7 62. Kf3 Qxe5 63. fxe5 Kc7 64. Ke4 Kd7 65. Kf5 Ke7 66. e6 Nxe6 67. Rxd8 Nxd8 68. Kg5 Nxf7+ 69. Kxh5 Kf6 70. Kg4 Ne5+ 71. Kg3 Nxc4 72. Kf4 Nd6 73. Ke3 c4 74. Kd4 Kg6 75. Kc3 Kh5 76. Kd4 Kxh4 77. Kd5 c3 78. Kxd6 c2 79. Ke5 c1=Q 0-1


[Site "https://www.chess.com"]

[Event "Titled Tuesday Blitz May 4 2021"]
[White "Sumaneev, Dmitry"]
[Black "Todorovic, Bojan"]
[WhiteFideId "4125312"]
[BlackFideId "917087"]
[WhiteElo "2486"]
[BlackElo "2266"]
[Result "0-1"]
[Round "07"]
[TimeControl "180+1"]
[Date "2021.05.04"]
[WhiteClock "0:00:02"]
[BlackClock "0:00:03"]

1. e4 e5 2. Nc3 Nf6 3. g3 Bc5 4. Bg2 a6 5. Nge2 d6 6. O-O h5 7. d4 exd4 8. Nxd4 h4 9. Bg5 hxg3 10. hxg3 c6 11. Nf5 Bxf5 12. exf5 d5 13. Qe2+ Kf8 14. Na4 Ba7 15. c4 d4 16. c5 Nbd7 17. b4 a5 18. a3 axb4 19. axb4 Bb8 20. Rfd1 Ne5 21. Nb6 Rxa1 22. Rxa1 d3 23. Qd2 Qd4 24. Ra8 Ke7 25. Be3 Qg4 26. Rxb8 Rxb8 27. Bf4 Rd8 28. Bxe5 Ne4 29. Qe3 d2 30. Bd6+ Kf6 31. Bf3 Qxf5 0-1


[Site "https://www.chess.com"]

[Event "Titled Tuesday Blitz May 4 2021"]
[White "Suvorov, Luca"]
[Black "Borawski, Jakub"]
[WhiteFideId "12977071"]
[BlackFideId "1143000"]
[WhiteElo "2127"]
[BlackElo "2020"]
[Result "1-0"]
[Round "07"]
[TimeControl "180+1"]
[Date "2021.05.04"]
[WhiteClock "0:01:45"]
[BlackClock "0:02:04"]

1. d4 Nf6 2. c4 e6 3. Nc3 Bb4 4. e3 b6 5. Ne2 Bb7 6. a3 Bxc3+ 7. Nxc3 O-O 8. f3 d6 9. Bd3 Nbd7 10. O-O c5 11. Bd2 Rc8 12. Rc1 Qe7 13. Be1 Rfd8 14. Bh4 Nf8 15. d5 Ng6 16. Bxg6 hxg6 17. e4 Re8 18. dxe6 Qxe6 19. Nb5 Nxe4 20. fxe4 Qxe4 21. Qf3 Qxh4 22. Qxb7 Rcd8 23. Qxf7+ Kh8 24. Rc3 1-0


[Site "https://www.chess.com"]

[Event "Titled Tuesday Blitz May 4 2021"]
[White "Svidler, Peter"]
[Black "Jumabayev, Rinat"]
[WhiteFideId "4102142"]
[BlackFideId "13702661"]
[WhiteElo "2754"]
[BlackElo "2535"]
[Result "1/2-1/2"]
[Round "07"]
[TimeControl "180+1"]
[Date "2021.05.04"]
[WhiteClock "0:00:21"]
[BlackClock "0:00:03"]

1. e4 c6 2. Nc3 d5 3. Nf3 dxe4 4. Nxe4 Nf6 5. Qe2 Nxe4 6. Qxe4 Qd5 7. Qf4 Qf5 8. Qe3 Qe6 9. b3 Qxe3+ 10. fxe3 Bf5 11. Bb2 Nd7 12. O-O-O a5 13. a4 e6 14. Rg1 h5 15. Bd3 Bxd3 16. cxd3 Nc5 17. Kc2 Na6 18. Bc3 Nb4+ 19. Bxb4 Bxb4 20. d4 f6 21. g4 hxg4 22. Rxg4 Kf7 23. Rdg1 Rag8 24. h4 Rh5 25. Kd3 g6 26. Rf4 Bd6 27. Rfg4 Be7 28. Ke2 Rh6 29. Rf4 Bd6 30. Rfg4 Be7 31. e4 Ke8 32. d3 f5 33. R4g2 Bxh4 34. Nxh4 Rxh4 35. Rxg6 Rxg6 36. Rxg6 Kf7 37. exf5 Rxd4 38. Rxe6 Rb4 39. Ke3 Rxb3 40. Ke4 Rb1 41. Rh6 Re1+ 42. Kd4 Rf1 43. Ke5 Re1+ 44. Kd6 Rd1 45. Rh7+ Kf6 46. Rxb7 Rxd3+ 47. Kxc6 Rd4 48. Rb6 Kxf5 49. Kb5 Rd5+ 50. Ka6 Ke5 51. Rb5 Kd4 52. Kxa5 Rd8 53. Rb7 Kc4 54. Rc7+ Kb3 55. Rb7+ Kc4 56. Kb6 Rd6+ 57. Ka7 Rd5 58. Ka6 Rd8 59. a5 Kc5 60. Rc7+ Kd6 61. Rc1 Rb8 62. Ka7 Rb2 63. a6 Kd7 64. Ka8 Rb3 65. a7 Rb2 66. Rc7+ Kxc7 1/2-1/2


[Site "https://www.chess.com"]

[Event "Titled Tuesday Blitz May 4 2021"]
[White "Sztokbant, Bernardo Vainzoff"]
[Black "Erdogdu, Mert"]
[WhiteFideId "2115956"]
[BlackFideId "6301495"]
[WhiteElo "2264"]
[BlackElo "2485"]
[Result "0-1"]
[Round "07"]
[TimeControl "180+1"]
[Date "2021.05.04"]
[WhiteClock "0:00:01"]
[BlackClock "0:00:33"]

1. e4 c5 2. Nf3 d6 3. d4 cxd4 4. Nxd4 Nf6 5. Nc3 a6 6. Be2 e6 7. O-O Be7 8. f4 Qc7 9. Qe1 O-O 10. Qg3 Nc6 11. Be3 Bd7 12. Nb3 b5 13. a3 b4 14. axb4 Nxb4 15. Rac1 Rab8 16. Nd4 Rfe8 17. Kh1 Bf8 18. Bf3 g6 19. Qh4 Bg7 20. Rfe1 e5 21. Nde2 Bc6 22. f5 d5 23. exd5 Nbxd5 24. Nxd5 Nxd5 25. Bxd5 Bxd5 26. f6 Bh8 27. c4 Ba8 28. Rc2 Qc6 29. Qh3 Bxf6 30. Rf1 Bg7 31. Ng3 f5 32. Bh6 Bxh6 33. Qxh6 f4 34. Nf5 gxf5 35. Qg5+ Qg6 36. Qh4 Kh8 37. Rd1 f3 38. gxf3 Bxf3+ 0-1


[Site "https://www.chess.com"]

[Event "Titled Tuesday Blitz May 4 2021"]
[White "Tang, Andrew"]
[Black "Weetik, Vjacheslav"]
[WhiteFideId "2059630"]
[BlackFideId "4153472"]
[WhiteElo "2584"]
[BlackElo "2469"]
[Result "1-0"]
[Round "07"]
[TimeControl "180+1"]
[Date "2021.05.04"]
[WhiteClock "0:00:10"]
[BlackClock "0:00:02"]

1. d4 d5 2. Bf4 Nf6 3. e3 c5 4. Nc3 cxd4 5. exd4 a6 6. Nf3 Nc6 7. Ne5 Bd7 8. g3 e6 9. Bg2 Qb6 10. Ne2 Nxe5 11. Bxe5 Be7 12. O-O O-O 13. Rb1 Rfc8 14. c3 a5 15. Re1 Qa6 16. Nf4 b5 17. Nd3 b4 18. Nc5 Bxc5 19. dxc5 Rxc5 20. Bxf6 gxf6 21. Qd4 Rc4 22. Qxf6 Rg4 23. Rbc1 Qd6 24. c4 Bc6 25. Red1 Rg6 26. Qh4 Re8 27. cxd5 Bxd5 28. Qd4 Qd7 29. Rd2 Qb5 30. Rc5 Qa4 31. b3 Qa3 32. Bxd5 exd5 33. Qxd5 a4 34. Ra5 Qc1+ 35. Rd1 Qc3 36. Rxa4 Rge6 37. Ra7 Re1+ 38. Kg2 Qf6 39. Rxe1 Rxe1 40. Ra8+ Kg7 41. Ra5 Re2 42. Qg5+ Qxg5 43. Rxg5+ Kf6 44. Rb5 Rxa2 45. Rxb4 Rb2 46. Rf4+ Kg6 47. Rf3 f5 48. h4 Kf6 49. Rc3 Ke5 50. Kf3 h5 51. Ke3 Rb1 52. Rc5+ Ke6 53. Rb5 Rb2 54. f3 Rb1 55. Kf4 Rb2 56. Rb6+ Kd5 57. Kxf5 1-0


[Site "https://www.chess.com"]

[Event "Titled Tuesday Blitz May 4 2021"]
[White "Tarasova, Viktoriya"]
[Black "Bach, Matthias"]
[WhiteFideId "4175840"]
[BlackFideId "4603168"]
[WhiteElo "2182"]
[BlackElo "2213"]
[Result "1-0"]
[Round "07"]
[TimeControl "180+1"]
[Date "2021.05.04"]
[WhiteClock "0:02:30"]
[BlackClock "0:01:41"]

1. d4 Nf6 2. c4 c5 3. d5 e6 4. Nc3 exd5 5. cxd5 d6 6. Nf3 g6 7. Bf4 Bg7 8. h3 O-O 9. e3 Re8 10. Nd2 a6 11. a4 Nbd7 12. Be2 Ne5 13. O-O Bd7 14. Bh2 g5 15. f4 gxf4 16. exf4 Ng6 17. Nc4 Bf5 18. g4 Be4 19. f5 Ne5 20. Nxe5 dxe5 21. g5 1-0


[Site "https://www.chess.com"]

[Event "Titled Tuesday Blitz May 4 2021"]
[White "Tari, Aryan"]
[Black "Kretov, Evgenij"]
[WhiteFideId "1510045"]
[BlackFideId "4167821"]
[WhiteElo "2656"]
[BlackElo "2381"]
[Result "1-0"]
[Round "07"]
[TimeControl "180+1"]
[Date "2021.05.04"]
[WhiteClock "0:01:08"]
[BlackClock "0:01:04"]

1. e4 c5 2. Nc3 Nc6 3. f4 g6 4. Nf3 Bg7 5. Bb5 Nd4 6. O-O Nxb5 7. Nxb5 d6 8. d3 Nf6 9. Qe1 O-O 10. Qh4 Qb6 11. c4 e6 12. e5 dxe5 13. fxe5 Nd7 14. Bh6 f6 15. Bxg7 Kxg7 16. exf6+ Nxf6 17. Ne5 a6 18. Ng4 Qd8 19. Nd6 Nxg4 20. Rf7+ Rxf7 21. Qxd8 Rd7 22. Qg5 e5 23. Rf1 Rxd6 24. Qe7+ Kh6 25. Qxd6 Ne3 26. Qf8+ 1-0


[Site "https://www.chess.com"]

[Event "Titled Tuesday Blitz May 4 2021"]
[White "Tejedor Fuente, Enrique"]
[Black "Bernadskiy, Vitaliy"]
[WhiteFideId "2299100"]
[BlackFideId "14100371"]
[WhiteElo "2535"]
[BlackElo "2534"]
[Result "1-0"]
[Round "07"]
[TimeControl "180+1"]
[Date "2021.05.04"]
[WhiteClock "0:00:02"]
[BlackClock "0:00:08"]

1. e4 c5 2. Nf3 d6 3. d4 cxd4 4. Nxd4 Nf6 5. Nc3 e5 6. Bb5+ Nbd7 7. Nf5 a6 8. Bxd7+ Qxd7 9. Bg5 Nxe4 10. Nxg7+ Bxg7 11. Nxe4 d5 12. Nf6+ Bxf6 13. Bxf6 Rg8 14. Bxe5 Rxg2 15. Qe2 Qg4 16. Bg3+ Qxe2+ 17. Kxe2 Bg4+ 18. Ke3 Kd7 19. Kf4 Bh5 20. Rhe1 Rc8 21. Kg5 Bf3 22. c3 Rc6 23. Re3 Rg6+ 24. Kf4 Rf6+ 25. Ke5 Re6+ 26. Kd4 Be4 27. c4 f5 28. cxd5 Rb6 29. Rc3 Rb4+ 30. Ke5 Rb5 31. Rd1 h5 32. h4 Kd8 33. b3 Kd7 34. a4 Ra5 35. Rd4 Rg1 36. Rcc4 Re1 37. Kf6 Bxd5 38. Rc7+ Kd8 39. Rxb7 Re6+ 40. Kg7 Re7+ 41. Rxe7 Kxe7 42. b4 Rxa4 43. Rxd5 Ke6 44. Re5+ Kd7 45. Ra5 Rxb4 46. Rxa6 Rg4+ 47. Kh6 f4 48. Ra7+ Ke6 49. Ra6+ Kf5 50. Kxh5 1-0


[Site "https://www.chess.com"]

[Event "Titled Tuesday Blitz May 4 2021"]
[White "Terletsky, Oleg"]
[Black "Rodin, Mihail"]
[WhiteFideId "14116774"]
[BlackFideId "4113160"]
[WhiteElo "2094"]
[BlackElo "2368"]
[Result "0-1"]
[Round "07"]
[TimeControl "180+1"]
[Date "2021.05.04"]
[WhiteClock "0:00:15"]
[BlackClock "0:00:41"]

1. e4 e5 2. Nf3 Nc6 3. Nc3 Nf6 4. d4 exd4 5. Nxd4 Bb4 6. Nxc6 bxc6 7. Bd3 O-O 8. O-O d5 9. exd5 cxd5 10. Bg5 c6 11. Qf3 Bd6 12. Bxf6 Qxf6 13. Qxf6 gxf6 14. Ne2 Rb8 15. b3 c5 16. Rad1 Rd8 17. Ng3 Be6 18. f4 c4 19. Be2 cxb3 20. axb3 d4 21. Ne4 Be7 22. f5 Bc8 23. Rd3 Ba6 24. Rg3+ Kf8 25. Bxa6 Rb6 26. Bd3 a5 27. Ra1 Bb4 28. Rh3 Rd5 29. Rxh7 Rxf5 30. Rf1 Rxf1+ 31. Kxf1 f5 32. Ng3 f4 33. Ne2 f3 34. gxf3 Bc5 35. Rh5 Rc6 36. Bc4 Kg7 37. Rf5 f6 38. Ng3 Bb4 39. Ne4 a4 40. Rb5 Bf8 41. Rb7+ Kg6 42. Bf7+ Kf5 43. bxa4 Rxc2 44. Rb3 Kf4 45. Bh5 Rxh2 46. Bf7 Ra2 47. Be8 f5 48. Nf2 Bd6 49. Kg2 d3 50. Rxd3 Bc5 51. Bc6 Bxf2 52. Kh3 Bg1 53. Rd4+ Bxd4 0-1


[Site "https://www.chess.com"]

[Event "Titled Tuesday Blitz May 4 2021"]
[White "The_filthy"]
[Black "Manukyan, Artyom"]
[BlackFideId "13305786"]
[WhiteElo "2416"]
[BlackElo "2034"]
[Result "1-0"]
[Round "07"]
[TimeControl "180+1"]
[Date "2021.05.04"]
[WhiteClock "0:00:18"]
[BlackClock "0:01:56"]

1. e4 c5 2. Nf3 d6 3. d4 cxd4 4. Nxd4 Nf6 5. Nc3 g6 6. Be3 Bg7 7. Bc4 O-O 8. f3 Nc6 9. Qd2 Bd7 10. O-O-O Rc8 11. Bb3 Ne5 12. h4 Nc4 13. Bxc4 Rxc4 14. Nb3 Re8 15. h5 Nxh5 16. g4 Nf6 17. Bh6 Bh8 18. e5 Nxg4 19. fxg4 Bxg4 20. Rdg1 Bxe5 21. Be3 h5 22. Kb1 a5 23. Nd4 Qd7 24. Nd5 Qe6 25. Nxe6 fxe6 26. Nf4 Bxf4 27. Bxf4 Bf5 28. Qe3 Rxc2 29. Ka1 Rec8 30. Rc1 Kf7 31. Rxc2 Rxc2 32. Rc1 Rxc1+ 33. Qxc1 e5 34. Bg5 Ke6 35. Qc7 Kd5 36. Qxe7 b5 37. Qb7+ Kc5 38. Be3+ Kc4 39. Qc7+ Kd3 40. Qc3+ Ke4 41. Bd2 d5 42. Qxa5 d4 43. Qxb5 h4 44. Qe2+ Kd5 45. a4 h3 46. a5 d3 47. Qf2 e4 48. a6 Kc6 49. Ba5 e3 50. Qxe3 h2 51. Qf3+ Kb5 52. Qh1 d2 53. Bxd2 Be4 54. Qxh2 Kxa6 55. Qe5 Bf5 56. b4 Kb6 57. Kb2 Kc6 58. Kc3 Kb6 59. Be3+ Kb7 60. Qd6 Kc8 61. Kd4 Kb7 62. Kc5 Bd3 63. Bf4 Bb5 64. Qc7+ Ka8 65. Qb8# 1-0


[Site "https://www.chess.com"]

[Event "Titled Tuesday Blitz May 4 2021"]
[White "TigrVShlyape"]
[Black "Krysa, Leandro"]
[BlackFideId "116807"]
[WhiteElo "2820"]
[BlackElo "2490"]
[Result "1-0"]
[Round "07"]
[TimeControl "180+1"]
[Date "2021.05.04"]
[WhiteClock "0:00:40"]
[BlackClock "0:00:08"]

1. d4 Nf6 2. Nf3 e6 3. Bf4 b6 4. e3 Bb7 5. a4 a6 6. Nbd2 Be7 7. h3 O-O 8. Bd3 c5 9. O-O d6 10. Re1 Nbd7 11. Bh2 cxd4 12. exd4 Qc7 13. c4 Rfe8 14. b4 a5 15. b5 Bf8 16. Rc1 h6 17. Nb3 e5 18. Bf1 Rad8 19. d5 Nc5 20. Nxc5 Qxc5 21. Nd2 Qc7 22. Bd3 Bc8 23. Nb3 g6 24. Kh1 Bg7 25. Qd2 Re7 26. f3 Rde8 27. Bb1 Nh5 28. Qf2 Nf6 29. Bg1 Nd7 30. Qd2 h5 31. Be3 Kh7 32. Bg5 Bf6 33. f4 exf4 34. Rxe7 Rxe7 35. Bxf6 Nxf6 36. Qxf4 Ne4 37. Bxe4 1-0


[Site "https://www.chess.com"]

[Event "Titled Tuesday Blitz May 4 2021"]
[White "Titichoca Daza, Daniel"]
[Black "Kalogeris, Ioannis"]
[WhiteFideId "3309550"]
[BlackFideId "4239563"]
[WhiteElo "1910"]
[BlackElo "2287"]
[Result "0-1"]
[Round "07"]
[TimeControl "180+1"]
[Date "2021.05.04"]
[WhiteClock "0:00:02"]
[BlackClock "0:00:19"]

1. e4 e5 2. Nf3 Nc6 3. Bb5 a6 4. Ba4 b5 5. Bb3 Nf6 6. O-O Bc5 7. Nxe5 Nxe5 8. d4 Bxd4 9. Qxd4 d6 10. c3 c5 11. Qe3 Bb7 12. Nd2 O-O 13. f4 Neg4 14. Qf3 c4 15. Bc2 d5 16. e5 Qb6+ 17. Kh1 d4 18. Qg3 Ne3 19. exf6 g6 20. Bd1 Bxg2+ 21. Qxg2 Nxg2 22. Kxg2 Rad8 23. Nf3 d3 24. Bd2 Rfe8 25. Ne5 Qxf6 26. Bf3 Qd6 27. Rae1 f6 28. Ng4 h5 29. Nf2 Kf7 30. Ne4 Qc7 31. f5 Rg8 32. fxg6+ Rxg6+ 33. Kh1 Rh8 34. Bg2 Kg7 35. Bf4 Qc6 36. Be3 Rxg2 37. Kxg2 Qxe4+ 38. Kf2 Qh4+ 39. Kf3 Qh3+ 40. Kf4 Kf7 0-1


[Site "https://www.chess.com"]

[Event "Titled Tuesday Blitz May 4 2021"]
[White "Tokhirjonova, Gulrukhbegim"]
[Black "Rojas Alarcon, Julian Antonio"]
[WhiteFideId "14203626"]
[BlackFideId "5107407"]
[WhiteElo "2236"]
[BlackElo "2333"]
[Result "0-1"]
[Round "07"]
[TimeControl "180+1"]
[Date "2021.05.04"]
[WhiteClock "0:01:12"]
[BlackClock "0:00:41"]

1. e4 c5 2. Nf3 d6 3. d4 cxd4 4. Nxd4 Nf6 5. Nc3 g6 6. f3 Bg7 7. Be3 O-O 8. Bc4 Nc6 9. Qd2 Bd7 10. h4 Qa5 11. O-O-O Rfc8 12. Bb3 Ne5 13. Kb1 h5 14. Bh6 Bxh6 15. Qxh6 Rxc3 16. bxc3 Qxc3 17. Qd2 Qc5 18. Ne2 a5 19. Qd4 Qc7 20. a4 b5 21. axb5 a4 22. b6 Qb8 23. Ba2 Nc6 24. Qe3 Nb4 25. Nf4 Ra6 26. c3 Nxa2 27. Kxa2 Rxb6 28. Rb1 Rb3 29. Qd2 e5 30. Nd5 Nxd5 31. exd5 Bf5 32. Rb2 Qb5 33. c4 Qxc4 34. Rc1 Rc3+ 0-1


[Site "https://www.chess.com"]

[Event "Titled Tuesday Blitz May 4 2021"]
[White "Toncheva, Nadya"]
[Black "Jaskolka, Tomasz"]
[WhiteFideId "2924056"]
[BlackFideId "1170791"]
[WhiteElo "1920"]
[BlackElo "2050"]
[Result "1-0"]
[Round "07"]
[TimeControl "180+1"]
[Date "2021.05.04"]
[WhiteClock "0:00:07"]
[BlackClock "0:00:05"]

1. e4 c5 2. c3 Nf6 3. e5 Nd5 4. Nf3 Nc6 5. d4 cxd4 6. cxd4 d6 7. Bc4 Nb6 8. Bb5 dxe5 9. Nxe5 Qd5 10. Bxc6+ bxc6 11. O-O Ba6 12. Re1 e6 13. Nc3 Qd6 14. Qf3 Qc7 15. Qxc6+ Qxc6 16. Nxc6 Bd6 17. d5 O-O 18. dxe6 fxe6 19. Rxe6 Rae8 20. Rxe8 Rxe8 21. Be3 Nc4 22. Bxa7 Nxb2 23. Bd4 Nc4 24. g3 Nd2 25. Be3 Nf3+ 26. Kg2 Ne5 27. Nxe5 Bxe5 28. Rc1 Bb7+ 29. Kg1 Ra8 30. f4 Bf6 31. a4 Kf7 32. Nb5 Be7 33. Rc7 Be4 34. Nd6+ Ke6 35. Nxe4 Rxa4 36. Nc5+ Bxc5 37. Rxc5 g6 38. Kf2 h5 39. Kf3 Ra3 40. Rc6+ Kf5 41. h3 Rb3 42. g4+ hxg4+ 43. hxg4# 1-0


[Site "https://www.chess.com"]

[Event "Titled Tuesday Blitz May 4 2021"]
[White "Triapishko, Alexandr"]
[Black "Avila Pavas, Santiago"]
[WhiteFideId "14122286"]
[BlackFideId "4437128"]
[WhiteElo "2490"]
[BlackElo "2244"]
[Result "1-0"]
[Round "07"]
[TimeControl "180+1"]
[Date "2021.05.04"]
[WhiteClock "0:00:05"]
[BlackClock "0:00:09"]

1. d4 Nf6 2. c4 c5 3. Nf3 cxd4 4. Nxd4 Nc6 5. Nc3 g6 6. e4 d6 7. Be2 Nxd4 8. Qxd4 Bg7 9. Be3 O-O 10. Qd2 Be6 11. f3 a5 12. Na4 Rc8 13. Rc1 Nd7 14. O-O Nc5 15. Nc3 a4 16. Nb5 Qd7 17. Rfd1 Rfd8 18. Bf1 h5 19. Bd4 Bxd4+ 20. Nxd4 Qc7 21. Qf2 Bd7 22. h4 Qb6 23. Rd2 Ne6 24. Nxe6 Qxf2+ 25. Kxf2 Bxe6 26. Rdc2 Rc7 27. Ke3 Rdc8 28. Kd4 Rc5 29. b3 axb3 30. axb3 Ra5 31. Kc3 g5 32. Kb4 Re5 33. hxg5 Rxg5 34. Ra1 b5 35. Ra5 Bd7 36. Bd3 Rgc5 37. Rca2 bxc4 38. Bxc4 Rb8+ 39. Kc3 Rcc8 40. Rxh5 Be6 41. Raa5 Kg7 42. Rag5+ Kf6 43. f4 Rxb3+ 44. Kxb3 Bxc4+ 45. Kb4 e5 46. Rh6+ Ke7 47. fxe5 dxe5 48. Rxe5+ Be6 49. Rc5 Rg8 50. Rc2 Rg4 51. Re2 Bf5 52. Rh5 Bg6 53. Rc5 Kd6 54. Rc4 Ke5 55. Kc3 Rxe4 56. Rexe4+ Bxe4 57. Kd2 Bd5 58. Rg4 Kf5 59. Rg8 f6 60. Rg7 Kf4 61. Ke2 f5 62. Kf2 Ke5 63. Kg3 Kf6 64. Rd7 Ke5 65. Kh3 Be4 66. g3 Kf6 67. Kh4 Kg6 68. Ra7 Kf6 69. Ra6+ Ke5 70. Kg5 Bd3 71. Ra7 Be4 72. Re7+ Kd5 73. Kf4 Bc2 74. Re5+ Kd6 75. Rxf5 Bxf5 76. Kxf5 Ke7 77. Kg6 Kf8 78. g4 Kg8 79. g5 Kh8 80. Kf7 Kh7 81. g6+ Kh6 82. g7 1-0


[Site "https://www.chess.com"]

[Event "Titled Tuesday Blitz May 4 2021"]
[White "Tristan, Leonardo"]
[Black "Sargsyan, Anna M."]
[WhiteFideId "113816"]
[BlackFideId "13308130"]
[WhiteElo "2404"]
[BlackElo "2263"]
[Result "1-0"]
[Round "07"]
[TimeControl "180+1"]
[Date "2021.05.04"]
[WhiteClock "0:00:07"]
[BlackClock "0:00:06"]

1. d4 d5 2. Bf4 Nf6 3. e3 c5 4. Nf3 Nc6 5. c3 Bg4 6. Nbd2 e6 7. Qb3 Qc8 8. Bb5 Nd7 9. O-O a6 10. Bxc6 Qxc6 11. c4 dxc4 12. Qxc4 Nb6 13. Qc2 Nd5 14. Bg3 cxd4 15. Qxc6+ bxc6 16. Nxd4 c5 17. Nc6 Rc8 18. Na7 Ra8 19. Nc6 f6 20. Nc4 Rc8 21. Nb8 Be2 22. Rfc1 Nb4 23. a3 Nc6 24. Nxa6 e5 25. Rc2 Bd3 26. Rc3 Bxc4 27. Rxc4 Na5 28. Rc3 Rc6 29. Nxc5 Rxc5 30. Rxc5 Bxc5 31. b4 Nb3 32. Rb1 Nd2 33. Rd1 Bxb4 34. axb4 Ne4 35. f3 Nc3 36. Rd3 Ne2+ 37. Kf2 Nxg3 38. hxg3 Ke7 39. Ra3 Rc8 40. Rb3 Rc2+ 41. Kg1 Rc6 42. b5 Rb6 43. g4 Kd6 44. Kf2 Kc5 45. Rc3+ Kxb5 46. Rc7 g6 47. Rxh7 Kc5 48. Rg7 g5 49. Rd7 Rb2+ 50. Kg3 Rb6 51. Rd1 Kc4 52. Rd2 Kc3 53. Rd8 Kc4 54. Kf2 Kc3 55. Rd7 Rb2+ 56. Kg3 Rb6 57. f4 exf4+ 58. exf4 Kc4 59. f5 Rb3+ 60. Kf2 Rb6 61. Kf3 Kc5 62. Ke4 Rb4+ 63. Kf3 Rb3+ 64. Kf2 Rb6 65. Rd8 Rb2+ 66. Kg3 Rb3+ 67. Kh2 Rb4 68. Kh3 Rb3+ 69. g3 Rb6 70. Rd2 Rb3 71. Kg2 Rb6 72. Kh2 Rb3 73. Re2 Kd5 74. Re6 Rb2+ 75. Kh3 Rb1 76. Rxf6 Rh1+ 77. Kg2 Ra1 78. Rg6 Ke5 79. Rxg5 Ra2+ 80. Kh3 Ke4 81. f6 Ra8 82. Rf5 Rh8+ 83. Kg2 Rg8 84. f7 Rf8 85. Rf4+ Ke5 86. g5 Ke6 87. g6 Ra8 88. f8=Q Ra2+ 89. Rf2 1-0


[Site "https://www.chess.com"]